 Dungeon Crawl Stone Soup version 0.30.1-4-g462c640d31 (webtiles) character file.

Game seed: 4539184027140807024

614 ChiefBigBeans the Shooter (level 7, -24/43 HPs)
             Began as a Tengu Hunter on Sept 12, 2023.
             Was an Initiate of Dithmenos.
             Annihilated by an ogre
             ... wielding a +0 giant spiked club
              (31 damage)
             ... on level 5 of the Dungeon.
             The game lasted 00:08:50 (3866 turns).

ChiefBigBeans the Shooter (Tengu Hunter)            Turns: 3866, Time: 00:08:50

Health: -24/43     AC:  7    Str: 15    XL:     7   Next: 44%
Magic:  8/8        EV: 16    Int: 10    God:    Dithmenos [......]
Gold:   124        SH:  4    Dex: 19    Spells: 6/6 levels left

rFire   . . .        u - +1 sling of Accidental Termination {elec, Fragile rN+ Str+4 Stlth+}
rCold   . . .        w - +0 buckler
rNeg    + . .        t - +3 leather armour
rPois   .            (helmet restricted)
rElec   .            s - +0 cloak
rCorr   .            (no gloves)
SInv    .            (boots unavailable)
Will    .....        (no amulet)
Stlth   +++          (no ring)
HPRegen 0.27/turn    (no ring)
MPRegen 0.11/turn

%: no passive effects
@: flying quickly and evasively, quick
A: beak, talons 3, nimble flight
a: Renounce Religion


You were on level 5 of the Dungeon.
You worshipped Dithmenos.
Dithmenos was noncommittal.
You visited 1 branch of the dungeon, and saw 6 of its levels.

You collected 173 gold pieces.
You spent 49 gold pieces at shops.

Inventory:

Hand Weapons
 a - a +0 shortbow
 h - a +0 dagger
 m - the +2 short sword of Subterfuge {holy, rPois Dex+2}
   (You took it off a kobold on level 2 of the Dungeon)

   Dex:       It affects your dexterity (+2).
   rPois:     It protects you from poison.
 u - the +1 sling of Accidental Termination (weapon) {elec, Fragile rN+ Str+4 Stlth+}
   (You found it on level 3 of the Dungeon)

   Str:       It affects your strength (+4).
   rN:        It protects you from negative energy.
   Fragile:   It will be destroyed if unequipped.
   Stlth:     It makes you more stealthy.
Armour
 c - a +0 leather armour
 s - a +0 cloak (worn)
 t - a +3 leather armour (worn)
 w - a +0 buckler (worn)
Wands
 v - a wand of flame (17)
 x - a wand of digging (4)
Scrolls
 b - a scroll of immolation
 e - 2 scrolls of teleportation
 j - 3 scrolls of blinking {unknown}
 k - 6 scrolls of identify {unknown}
 n - a scroll of vulnerability {unknown}
 p - 3 scrolls of enchant weapon {unknown}
Potions
 d - 6 potions of heal wounds {unknown}
 f - 2 potions of curing {unknown}
 g - 2 potions of mutation {unknown}
 i - 2 potions of attraction {unknown}
 l - a potion of haste {unknown}
 o - a potion of might {unknown}
 q - 2 potions of magic {unknown}
 r - 3 potions of cancellation {unknown}
 z - 2 potions of resistance {unknown}


   Skills:
 + Level 4.0 Fighting
 + Level 3.0 Short Blades
 + Level 5.6 Ranged Weapons
 - Level 3.1 Armour
 + Level 4.4 Dodging
 + Level 2.3 Stealth


You had 6 spell levels left.
You didn't know any spells.
Your spell library contained the following spells:

 Spells                   Type           Power      Damage    Failure   Level
 Ignite Poison            Fire/Tmut/Pois 0%         N/A       88%         3
 Sticky Flame             Conj/Fire      0%         2d3       99%         4
 Ignition                 Fire           0%         3d3       100%        8


Dungeon Overview and Level Annotations

Branches:
Dungeon (6/15)
 Temple: D:4-7

Altars:
Dithmenos
Kikubaaqudgha
Ru
Vehumet

Shops:
D:4 [

Annotations:
D:4 Prince Ribbit


Innate Abilities, Weirdness & Mutations

You have a beak for a mouth.
You have claws for feet.
Your magical nature lets you fly swiftly and evasively.


Message History

The sling bullet hits the sleepcap but does no damage.
The sleepcap is severely damaged.
The sleepcap closely misses you. The ogre completely misses you.
You shoot a sling bullet. The sling bullet hits the sleepcap.
The sleepcap is severely damaged.
The sleepcap closely misses you.
The ogre hits you with a +0 giant spiked club!!
* * * LOW HITPOINT WARNING * * *
The sleepcap releases spores at you but does no damage.
You are too injured to fight recklessly!
Unknown command.
You are too injured to fight recklessly!
You are too injured to fight recklessly!
Unknown command.
You are too injured to fight recklessly!
You are too injured to fight recklessly!
Unknown command.
You are too injured to fight recklessly!
The sleepcap releases spores at you.
* * * LOW HITPOINT WARNING * * *
You are engulfed in a cloud of soporific spores!
You are unaffected.
You fly upwards.
There is a stone staircase leading down here.
You are too injured to fight recklessly!
Fire: u) +1 sling of Accidental Termination {elec, Fragile rN+ Str+4 Stlth+}
Press: ? - help, Q - select action, (/) - cycle Shift-Dir - straight line, f - sleepcap
Aim: a sleepcap (severely damaged, 98% to hit)
You shoot a sling bullet.
The sling bullet hits the sleepcap but does no damage.
The sleepcap is severely damaged.
The ogre closely misses you. The sleepcap misses you.
Fire: u) +1 sling of Accidental Termination {elec, Fragile rN+ Str+4 Stlth+}
Press: ? - help, Q - select action, (/) - cycle Shift-Dir - straight line, f/p - sleepcap
Aim: a sleepcap (severely damaged, 98% to hit)
You shoot a sling bullet. The sling bullet hits the sleepcap.
The sleepcap is severely damaged.
The ogre hits you with a +0 giant spiked club!!
Ouch! That really hurt!
You die...

###.#### #..####
#....# #.##
####'## #######.#
#....## #.......#
#.....# #.....###
#.....### #.....#
#.......###.....#
#....##.......O.#
###########.f@..#
###'###
#.##########
#..........#
##########.#
#..<....#.#
#.#.###.#.#
#.#.###.#.#
#.#.....#.#


You could see an ogre and a sleepcap.

Vanquished Creatures
  Eustachio (D:5)
  A howler monkey (D:5)
  A hound (D:4)
  A jelly (D:5)
  A sleepcap (D:5)
  3 iguanas
  Natasha (thrice) (D:2)
  Terence (D:3)
  7 adders
  A shadow imp (D:5)
  An ufetubus (D:5)
  A dart slug (D:2)
  18 orcs
  2 ball pythons (D:1)
  5 endoplasms
  6 giant cockroaches
  3 goblins
  5 hobgoblins
  3 jackals (D:1)
  A quokka (D:1)
  2 bats
  5 frilled lizards
  8 kobolds
  9 rats
89 creatures vanquished.

Vanquished Creatures (others)
  An orc wizard (D:5)
1 creature vanquished.

Grand Total: 90 creatures vanquished

Notes
Turn   | Place    | Note
-------+----------+-------------------------------------------
     0 | D:1      | ChiefBigBeans the Tengu Hunter began the quest for the Orb.
     0 | D:1      | Reached XP level 1. HP: 12/12 MP: 2/2
    69 | D:1      | Reached XP level 2. HP: 17/17 MP: 3/3
   771 | D:2      | Reached XP level 3. HP: 22/22 MP: 4/4
   775 | D:2      | Reached skill level 1 in Armour
   904 | D:2      | Noticed Natasha
   912 | D:2      | Killed Natasha
   913 | D:2      | Reached XP level 4. HP: 27/27 MP: 5/5
   950 | D:2      | Identified the +2 short sword of Subterfuge {holy, rPois
                  | Dex+2}
  1046 | D:2      | Noticed Natasha
  1048 | D:2      | Killed Natasha
  1175 | D:2      | Noticed Natasha
  1181 | D:2      | Killed Natasha
  1182 | D:2      | Gained mutation: Your magical nature lets you fly swiftly
                  | and evasively. [Tengu growth]
  1182 | D:2      | Reached XP level 5. HP: 32/32 MP: 6/6
  1409 | D:3      | Reached skill level 1 in Short Blades
  1584 | D:3      | Identified the +1 sling of Accidental Termination {elec,
                  | Fragile rN+ Str+4 Stlth+}
  2200 | D:3      | Noticed Terence
  2215 | D:3      | Killed Terence
  2216 | D:3      | Reached skill level 5 in Ranged Weapons
  2327 | D:4      | Reached XP level 6. HP: 35/37 MP: 7/7
  2510 | D:4      | Found a radiant altar of Vehumet.
  2602 | D:4      | Found Goucwi's Armour Shoppe.
  2620 | D:4      | Bought a +0 buckler for 49 gold pieces
  2753 | D:4      | Found a sacrificial altar of Ru.
  2804 | D:5      | Entered Level 5 of the Dungeon
  2836 | D:5      | Found an ancient bone altar of Kikubaaqudgha.
  2956 | D:5      | Noticed Eustachio
  3038 | D:5      | Killed Eustachio
  3039 | D:5      | Reached XP level 7. HP: 33/42 MP: 8/8
  3086 | D:5      | Noticed Prince Ribbit
  3309 | D:5      | Found a shadowy altar of Dithmenos.
  3323 | D:5      | Became a worshipper of Dithmenos the Shadowed
  3866 | D:5      | Annihilated by an ogre

Illustrated notes

Levels and vault maps discovered:
D:1:      sevenhm_arrival_forest_fort_large_4, layout_loops_cross
D:2:      layout_rooms, grunt_ministairs_13, minmay_misc_feat_enclosed,
          uniq_natasha
D:3:      layout_basic, uniq_terence
D:4:      layout_cave_pools, kennysheep_little_box, vehumet_altar_wand_db,
          serial_shops, shop, chequers_serial_rivers_room_b
D:5:      layout_basic, grunt_dithmenos_shadows, mainiacjoe_overflow_alcove_2,
          uniq_eustachio, uniq_prince_ribbit1
D:6:      layout_gridville, fedhas_altar_3,
          nicolae_gozag_cash_rules_everything_around_me, kennysheep_mini_moat

Skill      XL: |  1  2  3  4  5  6  7 |
---------------+----------------------+-----
Armour         | 1 2 3 |  3.1
Dodging        | 3 4 |  4.4
Fighting       | 3 4 |  4.0
Short Blades   | 1 2 3 |  3.0
Stealth        | 2 |  2.3
Ranged Weapons | 5 |  5.6

Action                     |  1- 3 |  4- 6 |  7- 9 || total
---------------------------+-------+-------+-------++-------
  Melee: Short sword       |       |    34 |       ||    34
         Kick              |       |    11 |       ||    11
         Peck              |       |     5 |       ||     5
         Punch             |       |     2 |       ||     2
   Fire: Shortbow          |    75 |    12 |       ||    87
         Sling             |       |   130 |    77 ||   207
    Use: Scroll            |       |       |     1 ||     1
   Stab: Distracted        |       |     1 |       ||     1
         Sleeping          |       |     2 |       ||     2
 Armour: Leather armour    |    11 |    30 |    19 ||    60
  Dodge: Dodged            |    20 |    96 |    52 ||   168
  Block: Buckler           |       |    13 |     7 ||    20
